 Dungeon Crawl Stone Soup version 0.26-a0-665-gefeb406119 (webtiles) character file.

Game seed: 3583571975663146924

10831 robertstho the Cleaver (level 11, -5/154 HPs)
             Began as a Deep Dwarf Fighter on Oct 14, 2020.
             Was a Believer of Makhleb.
             Slain by a green very ugly thing (16 damage)
             ... on level 10 of the Dungeon.
             The game lasted 00:17:41 (8337 turns).

robertstho the Cleaver (Deep Dwarf Fighter)         Turns: 8337, Time: 00:17:42

Health: -5/154     AC: 19    Str: 39    XL:     11   Next: 41%
Magic:  7/7        EV: 14    Int:  9    God:    Makhleb [**....]
Gold:   293        SH: 13    Dex: 12    Spells: 10/10 levels left

rFire    . . .     SeeInvis .   M - +3 hand axe of Xiehuats {vorpal, *Contam rPois Str+6}
rCold    . . .     Faith    .   c - +0 kite shield
rNeg     . . .     Spirit   .   Q - +1 chain mail of the Bells {rPois Str+4}
rPois    +         Reflect  .   q - +1 helmet
rElec    .         Harm     .   B - scarf {shadows}
rCorr    .         Rampage  .   E - +0 pair of gloves
MR       +....                  N - +1 pair of boots
Stlth    ..........             (no amulet)
HPRegen  0.00/turn              F - +6 ring of strength
MPRegen  0.10/turn              H - +4 ring of evasion

@: berserking, lethally poisoned (-5 -> -79), non-regenerating, slow
A: damage resistance, heal wounds, sense surroundings 2, no regeneration
a: Heal Wounds, Minor Destruction, Renounce Religion


You were on level 10 of the Dungeon.
You worshipped Makhleb.
Makhleb was pleased with you.
You visited 2 branches of the dungeon, and saw 11 of its levels.

You collected 517 gold pieces.
You spent 224 gold pieces at shops.

Inventory:

Hand Weapons
 d - a +4 scimitar of flaming
 f - a +1 vampiric hand axe
 M - the +3 hand axe of Xiehuats (weapon) {vorpal, *Contam rPois Str+6}
   (You bought it in a shop on level 9 of the Dungeon)

   It inflicts extra damage upon your enemies.
   It affects your strength (+6).
   It protects you from poison.
   It causes magical contamination when unequipped.
Armour
 c - a +0 kite shield (worn)
 q - a +1 helmet (worn)
 B - a scarf of shadows (worn)
 E - a +0 pair of gloves (worn)
 N - a +1 pair of boots (worn)
 Q - the +1 chain mail of the Bells (worn) {rPois Str+4}
   (You found it on level 10 of the Dungeon)

   It affects your strength (+4).
   It protects you from poison.
Jewellery
 k - an uncursed ring of flight
 x - an uncursed ring of resist corrosion
 F - a +6 ring of strength (left hand)
 H - a +4 ring of evasion (right hand)
 L - an uncursed ring of protection from fire
 O - an uncursed ring of magical power
Wands
 l - a wand of iceblast (28)
 m - a wand of flame (15)
 y - a wand of disintegration (16)
 D - a wand of digging (3)
 G - a wand of acid (6)
Scrolls
 b - 4 scrolls of immolation
 g - 5 scrolls of teleportation
 i - 4 scrolls of remove curse
 j - 4 scrolls of magic mapping
 o - 3 scrolls of enchant armour
 r - 2 scrolls of random uselessness {unknown}
 s - 4 scrolls of noise {unknown}
 t - 2 scrolls of amnesia {unknown}
 v - a scroll of blinking {unknown}
 J - 3 scrolls of identify
Potions
 a - a potion of flight {unknown}
 e - a potion of berserk rage
 h - 5 potions of lignification
 n - 3 potions of stabbing
 p - 4 potions of ambrosia
 u - 3 potions of heal wounds {unknown}
 w - a potion of invisibility {unknown}
 A - a potion of cancellation {unknown}
 C - a potion of mutation
 I - 2 potions of curing {unknown}
 K - a potion of magic {unknown}
Miscellaneous
 P - a lightning rod (2/4)


   Skills:
 * Level 8.2 Fighting
 + Level 11.1 Axes
 * Level 10.3 Armour
 + Level 3.9 Dodging
 + Level 2.1 Stealth
 + Level 7.6 Shields
 * Level 6.0 Invocations
 + Level 0.1 Evocations


You had 10 spell levels left.
You didn't know any spells.
Your spell library contained the following spells:

 Spells                   Type           Power        Failure   Level
 Sandblast                Erth           #.....       97%         1
 Summon Small Mammal      Summ           #...         97%         1
 Call Imp                 Summ           #.......     99%         2
 Passwall                 Tmut/Erth      #.......     99%         2
 Call Canine Familiar     Summ           #.......     100%        3
 Confusing Touch          Hex            #.......     100%        3
 Gell's Gravitas          Tloc           #.........   100%        3
 Stone Arrow              Conj/Erth      #.....       100%        3
 Summon Guardian Golem    Hex/Summ       #.......     100%        3
 Petrify                  Tmut/Erth      #.......     100%        4
 Summon Ice Beast         Ice/Summ       #.......     100%        4
 Summon Lightning Spire   Summ/Air       #.......     100%        4
 Lee's Rapid Deconstruct  Erth           #.........   100%        5
 Metabolic Englaciation   Hex/Ice        #.........   100%        5
 Yara's Violent Unravell  Hex/Tmut       #.........   100%        5


Dungeon Overview and Level Annotations

Branches:
Dungeon (10/15)            Temple (1/1) D:6            Lair (0/6) D:10
    Orc (0/2) D:9

Altars:
Ashenzari
Cheibriados
Dithmenos
Elyvilon
Fedhas
Gozag
Hepliaklqana
Kikubaaqudgha
Makhleb
Nemelex Xobeh
Okawaru
Qazlal
Ru
Sif Muna
Trog
Uskayaw
Vehumet
Wu Jian
Xom
Yredelemnul
Zin
The Shining One

Shops:
D:9 (


Innate Abilities, Weirdness & Mutations

You are resistant to damage.
You can heal yourself by infusing magical energy.
You passively map the area around you.
You do not regenerate.


Message History

* * * LOW HITPOINT WARNING * * *
You feel very sick.
You block the green very ugly thing's attack.
You slash the green very ugly thing!
The green very ugly thing is moderately wounded.
* * * LOW HITPOINT WARNING * * *
You feel very sick.
Your unstable footing causes you to fumble your attack.
* * * LOW HITPOINT WARNING * * *
You feel very sick.
The green very ugly thing engulfs you but does no damage.
You slash the green very ugly thing!
The green very ugly thing is heavily wounded.
* * * LOW HITPOINT WARNING * * *
You feel very sick.
Your unstable footing causes you to fumble your attack.
* * * LOW HITPOINT WARNING * * *
You feel very sick. The green very ugly thing engulfs you!!
You die...

####################
...................#####
#####..##########......#
..#.:[######8#####.....#.. *
#...####≈≈≈.....###....#.#*
#######≈≈≈≈≈....≈###...#.# ,*
##⌠###...≈##8##≈≈###..>#.# *
≈≈≈≈≈....#######@≈##.#.#.# ,
.≈≈≈..≈≈## *##u)##.#.#.###.#
.....≈≈## #≈≈###.#.......#
.....≈##*!....≈≈≈###.#.#.#####
.....≈# !...≈≈≈###..#.#.#
.....≈# #()(####
#.##+#.####### ....≈≈# ####*
##........[...# ...†≈##
#...........#..* ##'###
#.#....######


You could see a green very ugly thing.

Vanquished Creatures
  Harold (D:7)
  Erica (D:9)
  A two-headed ogre (D:9)
  A wizard (D:10)
  Pikel (D:5)
  6 ugly things (D:10)
  Eustachio (D:4)
  A steam dragon (D:7)
  Menkaure (D:7)
  3 wargs (D:10)
  A water moccasin (D:7)
  Duvessa (D:6)
  4 orc warriors
  A phantom (D:4)
  A black bear (D:8)
  2 necrophages
  3 ice beasts (D:9)
  A centaur (D:10)
  9 ogres
  2 lemures (D:5)
  2 big kobolds
  2 bullfrogs
  A wyvern zombie (D:8)
  Dowan (D:6)
  A water moccasin zombie (D:8)
  A scorpion (D:8)
  A water moccasin skeleton (D:8)
  11 killer bees
  3 wights (D:9)
  2 howler monkeys
  6 hounds
  5 jellies
  12 orc wizards
  7 orc priests
  A centaur skeleton (D:6)
  Jessica (D:4)
  3 iguanas
  4 worker ants
  A hound zombie (D:6)
  2 hound skeletons
  3 gnolls (D:5)
  7 adders
  A shadow imp (D:6)
  3 white imps
  An ufetubus (D:10)
  11 oozes
  An adder skeleton (D:4)
  3 worms (D:2)
  2 dart slugs
  47 orcs
  7 bats
  4 giant cockroaches
  10 hobgoblins
  12 jackals
  24 kobolds
  4 quokkas
  2 ball pythons
  2 frilled lizards
  5 goblins
  A jackal skeleton (D:6)
  2 leopard gecko skeletons
  14 rats
275 creatures vanquished.

Vanquished Creatures (others)
  A wizard (D:10)
  7 plants
  12 toadstools (D:3)
20 creatures vanquished.

Grand Total: 295 creatures vanquished

Notes
Turn   | Place    | Note
-------+----------+-------------------------------------------
     0 | D:1      | robertstho the Deep Dwarf Fighter began the quest for the
                  | Orb.
     0 | D:1      | Reached XP level 1. HP: 20/20 MP: 1/1
   103 | D:1      | Reached XP level 2. HP: 25/27 MP: 2/2
   422 | D:1      | Reached XP level 3. HP: 29/34 MP: 3/3
   841 | D:2      | Reached skill level 3 in Axes
  1037 | D:2      | Found a glowing silver altar of Zin.
  1075 | D:2      | Reached XP level 4. HP: 42/42 MP: 3/3
  1798 | D:3      | Found a shimmering altar of Xom.
  1965 | D:3      | Found a sacrificial altar of Ru.
  2087 | D:3      | Reached XP level 5. HP: 36/49 MP: 4/4
  2092 | D:3      | Reached skill level 4 in Axes
  2092 | D:3      | Reached skill level 1 in Dodging
  2358 | D:3      | Found a radiant altar of Vehumet.
  2891 | D:4      | Found a bloodstained altar of Trog.
  2891 | D:4      | Noticed an ogre
  2902 | D:4      | Killed an ogre
  2902 | D:4      | Reached XP level 6. HP: 42/57 MP: 5/5
  3065 | D:4      | Noticed Jessica
  3073 | D:4      | Found a shimmering blue altar of Sif Muna.
  3097 | D:4      | Killed Jessica
  3097 | D:4      | Reached skill level 5 in Axes
  3153 | D:4      | Reached skill level 5 in Armour
  3196 | D:4      | Found a radiant altar of Vehumet.
  3201 | D:4      | Noticed Eustachio
  3225 | D:4      | Reached XP level 7. HP: 56/64 MP: 5/5
  3259 | D:4      | Killed Eustachio
  3432 | D:4      | Reached skill level 6 in Axes
  3528 | D:5      | Entered Level 5 of the Dungeon
  3718 | D:5      | Reached skill level 1 in Stealth
  3873 | D:5      | Reached XP level 8. HP: 56/73 MP: 6/6
  3953 | D:5      | Noticed Pikel
  3977 | D:5      | Killed Pikel
  3977 | D:5      | Reached skill level 5 in Fighting
  3977 | D:5      | Reached skill level 7 in Axes
  3977 | D:5      | Reached skill level 5 in Shields
  4564 | D:6      | Noticed Duvessa
  4565 | D:6      | Noticed Dowan
  4572 | D:6      | Killed Duvessa
  4583 | D:6      | Reached skill level 8 in Axes
  4584 | D:6      | Found a blossoming altar of Fedhas.
  4594 | D:6      | Killed Dowan
  4598 | D:6      | Found an ancient bone altar of Kikubaaqudgha.
  4690 | D:6      | Gained mutation: You passively map the area around you.
                  | [Deep Dwarf growth]
  4690 | D:6      | Reached XP level 9. HP: 45/81 MP: 4/4
  4814 | D:6      | Found a staircase to the Ecumenical Temple.
  5020 | Temple   | Entered the Ecumenical Temple
  5353 | D:6      | Found an iron altar of Okawaru.
  5617 | D:7      | Noticed Menkaure
  5630 | D:7      | Killed Menkaure
  5833 | D:7      | Found a white marble altar of Elyvilon.
  5864 | D:7      | Found a stormy altar of Qazlal.
  5989 | D:7      | Noticed Harold
  6034 | D:7      | Killed Harold
  6034 | D:7      | Reached skill level 9 in Axes
  6074 | D:7      | Found a flagged portal.
  6485 | D:7      | Found a burning altar of Makhleb.
  6500 | D:7      | Became a worshipper of Makhleb the Destroyer
  6601 | D:8      | Reached skill level 1 in Invocations
  6607 | D:8      | Reached XP level 10. HP: 64/92 MP: 4/4
  6760 | D:8      | Reached * piety under Makhleb
  6866 | D:8      | Found a shadowy altar of Dithmenos.
  7151 | D:8      | Found a broken altar of Ashenzari.
  7254 | D:9      | Noticed Erica
  7289 | D:9      | Killed Erica
  7320 | D:9      | Noticed a two-headed ogre
  7333 | D:9      | Killed a two-headed ogre
  7333 | D:9      | Reached skill level 10 in Axes
  7369 | D:9      | Found a staircase to the Orcish Mines.
  7437 | D:9      | Reached ** piety under Makhleb
  7720 | D:9      | Found Jiarew's Antique Weapon Shop.
  7727 | D:9      | Bought a bloodstained hand axe for 224 gold pieces
  7727 | D:9      | Identified the +3 hand axe of Xiehuats {vorpal, *Contam
                  | rPois Str+6} (You bought it in a shop on level 9 of the
                  | Dungeon)
  7966 | D:10     | Entered Level 10 of the Dungeon
  8112 | D:10     | Reached skill level 5 in Invocations
  8122 | D:10     | Reached XP level 11. HP: 102/102 MP: 8/8
  8129 | D:10     | Reached skill level 10 in Armour
  8130 | D:10     | Found a staircase to the Lair.
  8160 | D:10     | Noticed a white ugly thing
  8161 | D:10     | Noticed a green ugly thing
  8162 | D:10     | Noticed a green ugly thing
  8162 | D:10     | Noticed a brown ugly thing
  8163 | D:10     | Noticed a purple ugly thing
  8163 | D:10     | Noticed a purple ugly thing
  8172 | D:10     | Killed a purple ugly thing
  8174 | D:10     | Killed a green ugly thing
  8192 | D:10     | Killed a red ugly thing
  8205 | D:10     | Killed a red ugly thing
  8207 | D:10     | Killed a white ugly thing
  8214 | D:10     | Killed a red ugly thing
  8214 | D:10     | Reached skill level 11 in Axes
  8234 | D:10     | Noticed a wizard
  8240 | D:10     | Killed a wizard
  8251 | D:10     | Got a glimmering chain mail
  8265 | D:10     | Identified the +1 chain mail of the Bells {rPois Str+4}
                  | (You found it on level 10 of the Dungeon)
  8306 | D:10     | Noticed a wizard
  8306 | D:10     | Noticed a green very ugly thing
  8329 | D:10     | Killed a wizard
  8337 | D:10     | Slain by a green very ugly thing

Illustrated notes

Levels and vault maps discovered:
D:1:      dpeg_arrival_orchard, layout_basic
D:2:      layout_loops_ring, lemuel_crystal_altar, serial_co_window_serial,
          co_window_paths_b, co_window_of_opportunity_a,
          co_window_of_opportunity_a, co_window_corner_a, co_window_paths_a,
          co_window_2corner, co_window_cross_2, co_window_paths_c,
          co_window_corner_b, co_window_of_opportunity_b
D:3:      cheibrodos_fertilizer, layout_basic, lemuel_round_altar,
          lemuel_coloured_pillars_altar, nicolae_ru_the_path_less_chosen
D:4:      cheibrodos_quashed, layout_loops_ring, tgw_sif, bloody_trog,
          serial_glass, glass_columns_a, glass_columns_a, vehumet_altar_wand_db,
          uniq_eustachio
D:5:      layout_basic, uniq_pikel
D:6:      layout_loops_ring, grunt_temple_overflow_growth_and_decay,
          nicolae_overflow_crystal_walls, temple_doors_ab, uniq_duvessa
D:7:      layout_loops_ring, makhleb_blood_cavern_becter,
          grunt_qazlal_sundering, old_standard_altar, enter_bailey_6,
          uniq_menkaure, uniq_harold
D:8:      layout_basic, grunt_dithmenos_smoke_and_mirrors,
          overflow_temple_1_default, chequers_serial_rivers_large_a,
          minmay_misc_feat_five
D:9:      layout_rooms, david_orc_3, serial_shops, nicolae_shop_waterfront,
          uniq_erica
D:10:     cheibrodos_breeding_chamber, layout_basic, erik_lair_orcish_takeover,
          serial_shops, shop_statue, gammafunk_ghost_cemetery
Temple:   nicolae_temple_figure_zero

Skill      XL: |  1  2  3  4  5  6  7  8  9 10 11 |
---------------+----------------------------------+-----
Fighting       | 3 4 5 6 7 8 |  8.2
Armour         | 4 5 6 8 9 10 | 10.3
Axes           | 3 4 5 6 8 9 10 11 | 11.1
Dodging        | 1 2 3 |  3.9
Shields        | 4 5 6 7 |  7.6
Stealth        | 1 2 |  2.1
Invocations    | 1 5 6 |  6.0
Evocations     | |  0.1

Action                   |  1- 3 |  4- 6 |  7- 9 | 10-12 || total
-------------------------+-------+-------+-------+-------++-------
Melee: War axe           |   126 |   142 |   238 |       ||   506
       Hand axe          |       |       |   212 |   463 ||   675
 Abil: Heal Wounds       |     2 |     4 |    13 |    15 ||    34
Evoke: Lightning rod     |       |       |       |     2 ||     2
  Use: Scroll            |       |     3 |     2 |     8 ||    13
       Potion            |       |       |     1 |     4 ||     5
 Stab: Sleeping          |       |     2 |       |       ||     2
Armor: Scale mail        |    61 |     3 |       |       ||    64
       Steam dragon scal |       |    24 |       |       ||    24
       Chain mail        |       |    38 |   259 |   204 ||   501
Dodge: Dodged            |    45 |    58 |   145 |   140 ||   388
Block: Kite shield       |    75 |    94 |   247 |   263 ||   679

Table legend: (Time is in decaauts)
 A = Elapsed time spent in this place.
 B = Non-inter-level travel time spent in this place.
 C = Inter-level travel time spent in this place.
 D = Time resting spent in this place.
 E = Time spent auto-exploring this place.
 F = Levels seen in this place.
 G = Mean time per level.
                   A        B        C        D        E       F      G
               +--------+--------+--------+--------+--------+-----+--------+
         Total |   8443 |   7802 |    641 |      0 |   5649 |  11 |  767.5 |
       Dungeon |   8326 |   7696 |    630 |      0 |   5542 |  10 |  832.6 |
        Temple |    117 |    107 |     10 |      0 |    107 |   1 |  117.0 |
               +--------+--------+--------+--------+--------+-----+--------+

Top non-repeatable levels by time:
     D:3: 1141 daAuts
     D:5: 1059 daAuts
     D:2: 959 daAuts
     D:6: 940 daAuts
     D:7: 915 daAuts
     D:1: 834 daAuts
     D:4: 719 daAuts
     D:8: 704 daAuts
     D:9: 691 daAuts
    D:10: 358 daAuts
  Temple: 117 daAuts
